 Dungeon Crawl Stone Soup version 0.30.0-13-g156ef70053 (webtiles) character file.

Game seed: 16190250800985993202

59 GigaChad the Covered (level 3, 0/33 HPs)
             Began as an Armataur Fighter on May 17, 2023.
             Slain by a kobold
             ... wielding a +0 dagger
              (2 damage)
             ... on level 2 of the Dungeon.
             The game lasted 00:00:56 (759 turns).

GigaChad the Covered (Armataur Fighter)              Turns: 759, Time: 00:00:57

Health: 0/33       AC:  7    Str: 23    XL:     3   Next: 78%
Magic:  3/3        EV:  7    Int:  8    God:
Gold:   96         SH:  4    Dex:  9    Spells: 2/2 levels left

rFire   . . .        a - +0 war axe
rCold   . . .        c - +0 buckler
rNeg    . . .        b - +0 scale mail
rPois   .            (no helmet)
rElec   .            (no cloak)
rCorr   .            (no gloves)
SInv    .            (no barding)
Will    .....        (no amulet) Stlth
                     (no ring)
HPRegen 0.25/turn    (no ring)
MPRegen 0.08/turn

%: roll
@: no status effects
A: large, rugged brown scales 3, deformed body, armoured tail, roll, long
tongue, awkward tongue
a: no special abilities


You were on level 2 of the Dungeon.
You visited 1 branch of the dungeon, and saw 2 of its levels.

You collected 96 gold pieces.

Inventory:

Hand Weapons
 a - a +0 war axe (weapon)
Armour
 b - a +0 scale mail (worn)
 c - a +0 buckler (worn)
Scrolls
 g - a scroll of enchant armour
Potions
 d - a potion of might
 e - a potion of degeneration {unknown}
 f - a potion of attraction {unknown}
 j - a potion of brilliance {unknown}


   Skills:
 * Level 3.1 Fighting
 * Level 2.3 Axes
 * Level 4.3 Armour
 * Level 3.6 Shields


You had 2 spell levels left.
You didn't know any spells.
Your spell library was empty.

Dungeon Overview and Level Annotations

Branches:
Dungeon (2/15)

Altars:


Innate Abilities, Weirdness & Mutations

You are completely covered in rugged brown scales. (AC +3, +7% HP)
Armour fits poorly on your strangely shaped body.
You have a long armoured tail.
You roll when moving toward enemies. (Rampage)
Your long tongue fully drains potion bottles. (2x potion effects)
Your tongue gives you trouble enunciating. (1.5x scroll delay)


Message History

You barely miss the orc priest. You closely miss the quokka.
The kobold shouts!
You hear a shout!
You block the quokka's attack. The quokka closely misses you.
The orc priest closely misses you.
You slash the orc priest!
Your tail-slap misses the orc priest.
The orc priest is almost dead.
You closely miss the quokka.
The quokka bites you but does no damage.
You barely miss the orc priest.
Your tail-slap misses the orc priest.
The orc priest is almost dead.
You barely miss the quokka. The quokka closely misses you.
The orc priest hits you with a +1 heavy flail!
An orc wizard comes into view. It is wielding a +0 dagger.
The quokka bites you but does no damage.
You are too injured to fight recklessly!
There are monsters nearby!
Unknown command.
You are too injured to fight recklessly!
Unknown command.
You are too injured to fight recklessly!
Unknown command.
You are too injured to fight recklessly!
Unknown command.
You hit the orc priest.
The orc priest is almost dead.
You slash the quokka!
You kill the quokka!
The orc priest begins to cast a cantrip, but forgets the words!
The orc priest invokes the aid of Beogh against you.
Pain shoots through your body!
* * * LOW HITPOINT WARNING * * *
Unknown command.
You closely miss the orc priest.
The orc priest is almost dead.
You miss the orc wizard.
The orc wizard points at you and mumbles some strange words.
The magic dart hits you.
* * * LOW HITPOINT WARNING * * *
The orc priest barely misses you. The kobold hits you with a +0 dagger.
You die...

####### #.....#
#.###.# . #.#
#.######## .. #.#
#.#....... ..
#.###.....####.##
#.##....oo†......
#.##.##.#@##.#...
###.##.##.#.K).#.
#......##.#)))..#
#.#.##.##.....#.#
#.#.#.########†...###.
#.....................
#...#.....##....#....
#...#.....†.<...#.###
##. #.....#.....#.####


You could see an orc priest, an orc wizard and a kobold.

Vanquished Creatures
  Robin (D:2)
  An adder (D:2)
  2 dart slugs (D:1)
  An orc (D:2)
  A giant cockroach (D:1)
  10 goblins
  5 hobgoblins
  2 jackals (D:1)
  A quokka (D:2)
  2 ball pythons
  A frilled lizard (D:1)
  2 kobolds (D:2)
  3 rats
32 creatures vanquished.

Notes
Turn   | Place    | Note
-------+----------+-------------------------------------------
     0 | D:1      | GigaChad the Armataur Fighter began the quest for the Orb.
     0 | D:1      | Reached XP level 1. HP: 19/19 MP: 1/1
   123 | D:1      | Reached XP level 2. HP: 24/26 MP: 2/2
   409 | D:1      | Reached skill level 4 in Armour
   634 | D:2      | Found a faded altar of an unknown god.
   669 | D:2      | Reached XP level 3. HP: 28/33 MP: 3/3
   721 | D:2      | Noticed Robin
   735 | D:2      | Killed Robin
   759 | D:2      | Slain by a kobold

Illustrated notes

Levels and vault maps discovered:
D:1:      minmay_arrival_stair_chambers, layout_loops_ring
D:2:      cheibrodos_pilgrimage, layout_basic, nicolae_ecumenical_pavilion,
          st_stairs_1, uniq_robin

Skill      XL: |  1  2  3 |
---------------+----------+-----
Armour         | 4 |  4.3
Fighting       | 3 |  3.1
Axes           | 2 |  2.3
Shields        | |  3.6

Action                     || total
---------------------------++-------
  Melee: War axe           ||    70
         Tailslap          ||     7
    Use: Scroll            ||     2
 Armour: Scale mail        ||    47
  Dodge: Dodged            ||    33
  Block: Buckler           ||    20
